 Dungeon Crawl Stone Soup version 0.31-a0-691-g409c26aa35 (webtiles) character file.

Game seed: 15862383736398359571

219 randomguy2701 the Chopper (level 5, 0/47 HPs)
             Began as a Hill Orc Fighter on Sept 7, 2023.
             Killed from afar by an orc wizard (6 damage)
             ... with a magic dart
             ... on level 4 of the Dungeon.
             The game lasted 00:03:17 (2689 turns).

randomguy2701 the Chopper (Hill Orc Fighter)        Turns: 2689, Time: 00:03:18

Health: 0/47       AC:  7    Str: 31    XL:     5   Next: 96%
Magic:  5/5        EV: 10    Int:  8    God:
Gold:   216        SH:  5    Dex: 12    Spells: 4/4 levels left

rFire   . . .        a - +0 war axe
rCold   . . .        c - +0 buckler
rNeg    . . .        b - +0 scale mail
rPois   .            (no helmet)
rElec   .            (no cloak)
rCorr   .            (no gloves)
SInv    .            (no boots)
Will    .....        (no amulet) Stlth
                     o - +6 ring of strength
HPRegen 0.27/turn    l - +6 ring of strength
MPRegen 0.09/turn

%: no passive effects
@: no status effects
A: no striking features
a: no special abilities


You were on level 4 of the Dungeon.
You visited 1 branch of the dungeon, and saw 4 of its levels.

You collected 216 gold pieces.

Inventory:

Hand Weapons
 a - a +0 war axe (weapon)
Armour
 b - a +0 scale mail (worn)
 c - a +0 buckler (worn)
Jewellery
 f - a ring of poison resistance
 l - a +6 ring of strength (right hand)
 o - a +6 ring of strength (left hand)
Wands
 t - a wand of roots (1)
Scrolls
 g - 3 scrolls of identify {unknown}
 h - a scroll of poison {unknown}
 m - 3 scrolls of vulnerability {unknown}
 n - a scroll of fear {unknown}
 q - a scroll of silence {unknown}
 s - a scroll of immolation {unknown}
 v - a scroll of enchant weapon {unknown}
Potions
 d - a potion of might
 e - a potion of heal wounds
 i - a potion of resistance {unknown}
 j - a potion of mutation {unknown}
 k - a potion of brilliance {unknown}
 p - a potion of curing {unknown}
 r - 2 potions of lignification {unknown}
 u - a potion of haste {unknown}


   Skills:
 + Level 4.6 Fighting
 + Level 5.4 Axes
 + Level 4.5 Armour
 + Level 0.4 Dodging
 + Level 0.1 Stealth
 + Level 3.8 Shields


You had 4 spell levels left.
You didn't know any spells.
Your spell library contained the following spells:

 Spells                   Type           Power      Damage    Failure   Level
 Inner Flame              Hex/Fire       0%         N/A       96%         3
 Flame Wave               Conj/Fire      0%         2d4       100%        4
 Sticky Flame             Conj/Fire      0%         2d3       100%        4


Dungeon Overview and Level Annotations

Branches:
Dungeon (4/15)
 Temple: D:4-7

Altars:
Dithmenos
Kikubaaqudgha
Wu Jian


Message History

You hit the orc but do no damage. You miss something.
Something hits you but does no damage. The orc hits you but does no damage.
You hear some strange, mumbled words.
You are confused.
Unknown command.
You bump into the rock wall.
The orc hits you with a +0 falchion!
* * * LOW HITPOINT WARNING * * *
It was a potion of heal wounds.
You feel much better. The orc hits you with a +0 falchion.
Unknown command.
You remove your ring of poison resistance.
The orc barely misses you.
You feel stronger.
o - a +6 ring of strength (left hand)
The orc closely misses you.
You feel less confused. The orc hits you with a +0 falchion.
You hit the orc.
The orc is severely wounded.
The orc closely misses you. The orc hits you with a +0 falchion.
* * * LOW HITPOINT WARNING * * *
You hit the orc but do no damage.
The orc is severely wounded.
The orc barely misses you.
You slash the orc!
You kill the orc!
You hear some strange, mumbled words.
You closely miss something. Something hits you.
* * * LOW HITPOINT WARNING * * *
You miss something.
You hear some strange, mumbled words.
A magic dart appears from out of thin air!
The magic dart hits you.
* * * LOW HITPOINT WARNING * * *
You block something's attack.
You slash something!
You hear some strange, mumbled words.
A magic dart appears from out of thin air!
The magic dart hits you.
You die...

##.## ## ##.## ###.
##..# ##.>=##
##..## ##.....#
##..## ##......#
##..## ........#
###..##
......).#####...##
.........{@..##..##
.$.......#######..#
#......### ##.#
###...# ### ####


There were no monsters in sight!

Vanquished Creatures
  A gnoll bouda (D:3)
  Terence (D:2)
  7 gnolls
  2 adders
  2 worms
  2 dart slugs
  5 orcs
  6 bats
  6 endoplasms
  A giant cockroach (D:1)
  3 goblins
  8 hobgoblins
  2 quokkas
  5 ball pythons
  6 frilled lizards
  8 kobolds
  2 rats
67 creatures vanquished.

Notes
Turn   | Place    | Note
-------+----------+-------------------------------------------
     0 | D:1      | randomguy2701 the Hill Orc Fighter began the quest for the
                  | Orb.
     0 | D:1      | Reached XP level 1. HP: 19/19 MP: 1/1
   121 | D:1      | Reached XP level 2. HP: 21/27 MP: 2/2
   279 | D:1      | Reached skill level 3 in Axes
   495 | D:1      | Reached XP level 3. HP: 29/33 MP: 3/3
   794 | D:2      | Found an ornate altar of the Wu Jian Council.
  1078 | D:2      | Noticed Terence
  1084 | D:2      | Killed Terence
  1085 | D:2      | Reached skill level 4 in Axes
  1085 | D:2      | Reached XP level 4. HP: 16/39 MP: 4/4
  1374 | D:3      | Found a shadowy altar of Dithmenos.
  1582 | D:3      | Found an ancient bone altar of Kikubaaqudgha.
  1891 | D:4      | Reached XP level 5. HP: 20/47 MP: 5/5
  2044 | D:4      | Identified the +8 hand axe of Strategic Superiority {heavy,
                  | +Blink Will- Dex+5}
  2231 | D:3      | Reached skill level 5 in Axes
  2455 | D:4      | Noticed an ogre
  2689 | D:4      | Killed from afar by an orc wizard

Illustrated notes

Levels and vault maps discovered:
D:1:      kennysheep_arrival_seaside, layout_basic
D:2:      layout_rooms, basic_altar, uniq_terence
D:3:      layout_rooms, lemuel_doored_altar, mainiacjoe_overflow_24_doors,
          serial_bayou_ford_a, minmay_surrounded
D:4:      layout_cave_pods, uniq_natasha

Skill      XL: |  1  2  3  4  5 |
---------------+----------------+-----
Fighting       | 4 |  4.6
Axes           | 3 4 5 |  5.4
Armour         | 4 |  4.5
Dodging        | |  0.4
Stealth        | |  0.1
Shields        | |  3.8

Action                     |  1- 3 |  4- 6 || total
---------------------------+-------+-------++-------
  Melee: War axe           |    86 |   101 ||   187
    Use: Potion            |       |     1 ||     1
 Armour: Scale mail        |    48 |   105 ||   153
  Dodge: Dodged            |    45 |    51 ||    96
  Block: Buckler           |    11 |    38 ||    49

Table legend: (Time is in decaauts)
 A = Elapsed time spent in this place.
 B = Non-inter-level travel time spent in this place.
 C = Inter-level travel time spent in this place.
 D = Time resting spent in this place.
 E = Time spent auto-exploring this place.
 F = Levels seen in this place.
 G = Mean time per level.
                   A        B        C        D        E       F      G
               +--------+--------+--------+--------+--------+-----+--------+
         Total |   2763 |   2648 |    115 |    205 |   1964 |   4 |  690.8 |
       Dungeon |   2763 |   2648 |    115 |    205 |   1964 |   4 |  690.8 |
               +--------+--------+--------+--------+--------+-----+--------+

Top non-repeatable levels by time:
     D:3: 882 daAuts
     D:1: 748 daAuts
     D:4: 623 daAuts
     D:2: 507 daAuts
